 Dungeon Crawl Stone Soup version 0.30.0-29-ga12c61a403 (webtiles) character file.

Game seed: 1024693747350716166

452 safid the Chiller (level 7, -2/46 (54) HPs)
             Began as a Merfolk Ice Elementalist on June 23, 2023.
             Was an Initiate of Vehumet.
             Slain by a wight
             ... wielding a +3 mace
              (5 damage)
             ... on level 5 of the Dungeon.
             The game lasted 00:05:50 (4145 turns).

safid the Chiller (Merfolk Ice Elementalist)        Turns: 4145, Time: 00:05:50

HP:   -2/46 (54)    AC:  8    Str:  9    XL:     7   Next: 5%
MP:   6/13          EV: 12    Int: 16    God:    Vehumet [......]
Gold: 238           SH:  0    Dex: 14    Spells: 7/14 levels left

rFire   . . .        w - +2 spear (heavy)
rCold   . . .        (no shield)
rNeg    . . .        a - +0 robe
rPois   .            (no helmet)
rElec   .            (no cloak)
rCorr   .            (no gloves)
SInv    .            (no boots)
Will    .....        (no amulet)
Stlth   ++           (no ring)
HPRegen 0.27/turn    (no ring)
MPRegen 0.13/turn

%: no passive effects
@: ice-armoured, heavily drained
A: (nimble swimmer 2), mertail
a: Renounce Religion


You were on level 5 of the Dungeon.
You worshipped Vehumet.
Vehumet was noncommittal.
You visited 1 branch of the dungeon, and saw 5 of its levels.

You collected 238 gold pieces.

Inventory:

Hand Weapons
 w - a +2 heavy spear (weapon)
Armour
 a - a +0 robe (worn)
Wands
 u - a wand of paralysis (11)
 v - a wand of mindburst (11)
Scrolls
 f - 4 scrolls of teleportation {unknown}
 h - a scroll of blinking {unknown}
 i - 6 scrolls of identify {unknown}
 k - a scroll of fog {unknown}
 l - a scroll of fear {unknown}
 n - 2 scrolls of brand weapon {unknown}
 o - a scroll of poison {unknown}
 p - 2 scrolls of enchant armour {unknown}
 q - 2 scrolls of magic mapping {unknown}
 t - a scroll of immolation {unknown}
Potions
 b - a potion of magic
 c - 3 potions of curing {unknown}
 d - a potion of degeneration {unknown}
 e - 2 potions of haste {unknown}
 j - a potion of flight {unknown}
 m - 2 potions of heal wounds {unknown}
 r - a potion of might {unknown}
 s - a potion of invisibility {unknown}


   Skills:
 + Level 4.2 Fighting
 - Level 2.6 Dodging
 - Level 2.1 Stealth
 + Level 4.1 Spellcasting
 + Level 6.3 Ice Magic


You had 7 spell levels left.
You knew the following spells:

 Your Spells              Type           Power      Damage    Failure   Level
a - Freeze                Ice            92%        1d9       1%          1
b - Frozen Ramparts       Ice            46%        1d7       3%          3
c - Ozocubu's Armour      Ice            23%        N/A       3%          3

Your spell library contained the following spells:

 Spells                   Type           Power      Damage    Failure   Level
 Beastly Appendage        Tmut           6%         N/A       17%         1
 Cigotuvi's Dreadful Rot  Necr/Pois/Air  6%         N/A       26%         2
 Wereblood                Tmut           3%         N/A       26%         2
 Summon Ice Beast         Ice/Summ       13%        N/A       41%         4
 Ignite Poison            Fire/Tmut/Pois 3%         N/A       45%         3
 Spider Form              Tmut/Pois      3%         N/A       45%         3
 Anguish                  Hex/Necr       1%         N/A       86%         4
 Cause Fear               Hex            1%         N/A       86%         4
 Freezing Cloud           Conj/Ice/Air   5%         6-21      89%         5
 Enfeeble                 Hex            1%         N/A       100%        7


Dungeon Overview and Level Annotations

Branches:
Dungeon (5/15)
 Temple: D:4-7

Altars:
Ashenzari
Dithmenos
Elyvilon
Nemelex Xobeh
Trog
Uskayaw
Vehumet
Yredelemnul
Zin

Shops:
D:2 (   D:4 *

Annotations:
D:4 2 transporters


Innate Abilities, Weirdness & Mutations

((You are very nimble when in or above water. (Stealth+, EV+, Speed+++)))
Your lower body shifts to a powerful aquatic tail in water.


Message History

Unknown command.
You barely miss the wight.
The wight is severely damaged.
The wight hits you with a +3 mace.
You feel drained. The wight closely misses you.
Casting: Ozocubu's Armour (dangerous; 3% risk of failure)
Confirm with . or Enter, or press ? or * to list all spells.
Casting: Frozen Ramparts (dangerous; 3% risk of failure)
Press: ? - help, Dir - look around, f - activate The walls around you are covered in ice.
The wall freezes the wight but does no damage.
The wight barely misses you.
Unknown command.
You closely miss the wight.
The wight is severely damaged.
The wight completely resists.
The wall freezes the wight but does no damage.
The wight barely misses you.
The wight completely resists.
The wall freezes the wight but does no damage.
The wight hits you with a +3 mace.
You feel drained.
You hit the wight.
The wight is almost destroyed.
The wight completely resists.
The wall freezes the wight but does no damage.
The wight hits you with a +3 mace.
Unknown command.
You closely miss the wight.
The wight is severely damaged.
The wall freezes the wight but does no damage.
The wight hits you with a +3 mace!
* * * LOW HITPOINT WARNING * * *
You feel drained.
* * * LOW HITPOINT WARNING * * *
The wight resists.
The wall freezes the wight.
The wight hits you with a +3 mace.
* * * LOW HITPOINT WARNING * * *
You hit the wight but do no damage. You punch the wight, but do no damage.
The wight is almost destroyed.
The frozen ramparts melt away.
The wight hits you with a +3 mace.
You die...

..##.....##.....#
................#
#.........# ...# ##..._...##
#..# #.........##...# #
................# .
..##.....##..##.# #. .
#..#..###z##.# #.
#..###..##@##.# #. ....
##)....##.############.
#....#.....##.............#.
.. ...........#.≈≈≈≈≈≈≈≈≈...
...........#.≈.......≈...
........##...≈.###.#.≈...
........###..≈.#...#.≈...
........# #..≈.#._.#.≈...
........# #..≈.#...#.≈...


You could see a wight.

Vanquished Creatures
  An ogre (D:4)
  A scorpion (D:4)
  A jelly (D:5)
  2 orc priests (D:3)
  A sleepcap (D:4)
  An iguana (D:5)
  6 adders
  3 worms
  2 dart slugs
  12 orcs
  4 bats (D:1)
  5 endoplasms
  A giant cockroach (D:3)
  5 hobgoblins
  4 jackals
  7 kobolds
  7 quokkas
  6 ball pythons
  A frilled lizard (D:2)
  9 goblins
  8 rats
87 creatures vanquished.

Notes
Turn   | Place    | Note
-------+----------+-------------------------------------------
     0 | D:1      | safid the Merfolk Ice Elementalist began the quest for the
                  | Orb.
     0 | D:1      | Reached XP level 1. HP: 13/13 MP: 3/3
   137 | D:1      | Reached XP level 2. HP: 20/20 MP: 0/5
   245 | D:1      | Reached skill level 1 in Fighting
   377 | D:1      | You fall into a shaft and drop 1 floor!
   920 | D:2      | Reached XP level 3. HP: 23/26 MP: 3/6
  1116 | D:2      | Learned a level 3 spell: Frozen Ramparts
  1120 | D:2      | Learned a level 3 spell: Ozocubu's Armour
  1166 | D:2      | Found Opluq's Antique Weapon Shop.
  1704 | D:2      | Reached skill level 5 in Ice Magic
  1750 | D:2      | Found a faded altar of an unknown god.
  1768 | D:2      | Reached XP level 4. HP: 29/33 MP: 4/8
  2104 | D:3      | Reached XP level 5. HP: 7/39 MP: 0/9
  2258 | D:3      | Found a hide-covered altar of Uskayaw.
  2527 | D:3      | Found a basalt altar of Yredelemnul.
  3030 | D:4      | Found Juytzuss's Lightly-Used Armoury.
  3038 | D:4      | Noticed an ogre
  3050 | D:4      | Killed an ogre
  3051 | D:4      | Reached XP level 6. HP: 47/47 MP: 1/11
  3168 | D:4      | Found a transporter.
  3222 | D:4      | Found a transporter.
  3465 | D:4      | Reached skill level 6 in Ice Magic
  3782 | D:4      | Found a glowing silver altar of Zin.
  3782 | D:4      | Noticed an angel
  3909 | D:5      | Entered Level 5 of the Dungeon
  3970 | D:5      | Found a broken altar of Ashenzari.
  3973 | D:5      | Found a sparkling altar of Nemelex Xobeh.
  3976 | D:5      | Found a bloodstained altar of Trog.
  3979 | D:5      | Found a white marble altar of Elyvilon.
  4028 | D:5      | Found a radiant altar of Vehumet.
  4033 | D:5      | Became a worshipper of Vehumet
  4054 | D:5      | Reached XP level 7. HP: 38/54 MP: 9/13
  4111 | D:5      | Found a shadowy altar of Dithmenos.
  4145 | D:5      | Slain by a wight

Illustrated notes

Levels and vault maps discovered:
D:1:      dpeg_arrival_rooms_a, layout_basic
D:2:      layout_basic, serial_shops, nicolae_shop_hallway_plus,
          shapermc_ecumenical_altar_acropolis, minmay_tetromino_t2
D:3:      layout_loops_ring, mainiacjoe_overflow_boulevard,
          overflow_temple_1_default
D:4:      layout_cave_pools, zin_angel, gammafunk_ghost_gnarly_gnolls,
          minmay_shop_damaged, minivault_23
D:5:      layout_cave_pods, mainiacjoe_overflow_brackets,
          grunt_temple_overflow_cloverleaf, nicolae_dithmenos_shadow_blocks,
          ebering_ghost_disaster_area, serial_bayou_lake_a

Skill      XL: |  1  2  3  4  5  6 |
---------------+-------------------+-----
Fighting       | 1 2 3 4 |  4.2
Ice Magic      | 5 6 |  6.3
Spellcasting   | 3 4 |  4.1
Dodging        | |  2.6
Stealth        | |  2.1

Action                     |  1- 3 |  4- 6 |  7- 9 || total
---------------------------+-------+-------+-------++-------
  Melee: Unarmed           |    21 |       |       ||    21
         Whip              |    66 |    64 |       ||   130
         Punch             |       |     1 |     2 ||     3
         Spear             |       |    11 |    14 ||    25
   Cast: Freeze            |    41 |    38 |       ||    79
         Frozen Ramparts   |       |     8 |     2 ||    10
         Ozocubu's Armour  |       |     4 |     1 ||     5
   Stab: Sleeping          |     5 |     4 |       ||     9
 Armour: Robe              |    22 |    12 |     2 ||    36
  Dodge: Dodged            |    71 |    70 |     7 ||   148
